 Dungeon Crawl Stone Soup version 0.24.0-41-g2ae2f7f1be (webtiles) character file.

Game seed: 12954481651197549593, levelgen mode: deterministic

47493 Iamsoldier the Spear-Bearer (level 14, -4/130 HPs)
             Began as a Minotaur Fighter on Dec 9, 2019.
             Was the Champion of Makhleb.
             Splashed by a tengu reaver's acid (10 damage)
             ... on level 12 of the Dungeon.
             The game lasted 00:38:31 (18717 turns).

Iamsoldier the Spear-Bearer (Minotaur Fighter)     Turns: 18717, Time: 00:38:32

Health: -4/130     AC: 14    Str: 33      XL:     14   Next: 8%
Magic:  5/19       EV: 13    Int:  3 (5)  God:    Makhleb [******]
Gold:   1438       SH: 17    Dex: 20      Spells: 13/13 levels left

rFire    . . .     SeeInvis .   D - +4 trident (venom)
rCold    . . .     Gourm    .   c - +0 shield
rNeg     . . .     Faith    .   x - +1 plate armour
rPois    .         Spirit   .   (helmet restricted)
rElec    .         Reflect  +   K - +0 cloak {MR+}
rCorr    .         Harm     .   (no gloves)
MR       ++...                  (no boots)
Stlth    ..........             v - +2 amulet of reflection
HPRegen  0.31/turn              z - +2 ring of dexterity
MPRegen  0.16/turn              F - +5 ring of strength

@: mighty, agile, corroded, very slightly contaminated
A: retaliatory headbutt, horns 2
a: Minor Destruction, Lesser Servant of Makhleb, Major Destruction, Greater
Servant of Makhleb, Renounce Religion


You were on level 12 of the Dungeon.
You worshipped Makhleb.
Makhleb was exalted by your worship.
You were not hungry.

You visited 3 branches of the dungeon, and saw 19 of its levels.

You collected 1510 gold pieces.
You spent 72 gold pieces at shops.

Inventory:

Hand Weapons
 D - a +4 trident of venom (weapon)
Armour
 c - a +0 shield (worn)
 x - a +1 plate armour (worn)
 A - a +0 cloak
 K - a +0 cloak of magic resistance (worn)
Jewellery
 f - an uncursed ring of flight
 i - an uncursed ring of protection from magic
 p - an uncursed ring of fire
 q - an uncursed ring of ice
 v - a +2 amulet of reflection (around neck)
 z - a +2 ring of dexterity (left hand)
 F - a +5 ring of strength (right hand)
 I - an uncursed ring of magical power {unknown}
 M - an uncursed ring of protection from cold {unknown}
Wands
 m - a wand of disintegration (12)
 t - a wand of flame (10)
 y - a wand of polymorph (19)
 B - a wand of scattershot (3)
 C - a wand of paralysis (11)
Scrolls
 e - 8 scrolls of teleportation
 j - a scroll of enchant armour
 k - a scroll of amnesia
 n - 17 scrolls of remove curse
 r - 4 scrolls of identify
 E - a scroll of fear
 H - 2 scrolls of enchant weapon
 J - a scroll of fog
Potions
 b - 8 potions of agility
 h - a potion of brilliance
 l - a potion of mutation
 o - 4 potions of curing
 s - a potion of berserk rage
 u - a potion of flight {unknown}
 w - 3 potions of cancellation
 G - a potion of might
Miscellaneous
 L - a lamp of fire
Comestibles
 a - 22 chunks of flesh
 d - 25 rations


   Skills:
 + Level 13.9 Fighting
 - Level 14.0 Polearms
 + Level 13.9 Armour
 + Level 13.9 Shields
 - Level 8.0 Invocations
 + Level 2.2 Evocations


You had 13 spell levels left.
You didn't know any spells.
Your spell library contained the following spells:

 Spells                   Type           Power        Failure   Level  Hunger
 Animate Skeleton         Necr           N/A          98%         1    ##.....
 Beastly Appendage        Tmut           #.....       98%         1    ##.....
 Pain                     Necr           #...         98%         1    ##.....
 Summon Butterflies       Summ           #.......     98%         1    ##.....
 Sticks to Snakes         Tmut           #.......     99%         2    ###....
 Call Canine Familiar     Summ           #.......     100%        3    ####...
 Regeneration             Chrm/Necr      #.........   100%        3    ####...
 Spider Form              Tmut/Pois      #.........   100%        3    ####...
 Vampiric Draining        Necr           #.........   100%        3    ####...
 Animate Dead             Necr           N/A          100%        4    #####..
 Ice Form                 Ice/Tmut       #.......     100%        4    #####..
 Summon Ice Beast         Ice/Summ       #.......     100%        4    #####..
 Blade Hands              Tmut           #.........   100%        5    ######.
 Summon Mana Viper        Hex/Summ       #.......     100%        5    ######.
 Summon Hydra             Summ           #.........   100%        7    #######


Dungeon Overview and Level Annotations

Branches:
Dungeon (12/15)            Temple (1/1) D:4            Lair (6/6) D:10
  Swamp (0/4) Lair:4        Snake (0/4) Lair:2        Slime (0/5) Lair:5
    Orc (0/2) D:11

Altars:
Ashenzari
Cheibriados
Dithmenos
Elyvilon
Fedhas
Gozag
Hepliaklqana
Kikubaaqudgha
Makhleb
Nemelex Xobeh
Okawaru
Qazlal
Ru
Sif Muna
Trog
Uskayaw
Vehumet
Wu Jian
Xom
Yredelemnul
Zin
The Shining One
Jiyva

Shops:
D:5 %   D:11 *

Annotations:
D:6 2 transporters


Innate Abilities, Weirdness & Mutations

You reflexively headbutt those who attack you in melee.
You have a pair of horns on your head.


Message History

You puncture the sea snake!
The sea snake is poisoned.
You headbutt the sea snake!
The sea snake is moderately wounded.
You impale the sea snake!!
The sea snake is severely wounded.
The sea snake changes into a mana viper!
You puncture the mana viper! You headbutt the mana viper!
You kill the mana viper!
Makhleb accepts your kill.
You feel better.
You see here a glowing shapeshifter corpse.
The tengu reaver casts a spell.
You see here a potion of curing.
o - 4 potions of curing (gained 1)
You start resting.
The tengu reaver gestures at you while chanting.
The bolt of acid hits you!!!
* * * LOW HITPOINT WARNING * * *
The acid corrodes you!
You are splashed with acid!
You die...

.((#
#.................#
...# #.....
...........# ...#
#....###### ...#
#....#..#.## ...#
#....#.#[#.# ..†#
#.....##Q### ...#
#....##.#.##
...#######...Q#Q###?##
...†).........##@..#)#
..............#?###[##
..............##.#.##
...............##.###
#''####.......#.#÷#.#
))....#.......#..#)##
......#.......######
......#..............
#######..............


You could see a tengu reaver.

Vanquished Creatures
  Harold (D:9)
  Erolcha (D:11)
  5 hydras
  3 catoblepae (Lair:6)
  5 death yaks (Lair:6)
  2 two-headed ogres
  An unseen horror (D:12)
  Pikel (D:4)
  A phantasmal warrior (D:12)
  A mana viper (shapeshifter) (D:12)
  A cyclops (D:11)
  4 manticores
  A guardian serpent (D:10)
  6 black mambas
  Maurice (D:11)
  10 spiny frogs
  3 kobold demonologists (D:11)
  4 komodo dragons
  4 rime drakes (Lair:4)
  A yaktaur (D:12)
  2 trolls (D:9)
  2 tyrant leeches (Lair:4)
  2 hornets (D:9)
  Prince Ribbit (D:8)
  3 polar bears
  6 blink frogs
  7 hippogriffs
  A shadow (D:12)
  38 yaks
  6 wyverns
  5 basilisks
  Grum (D:7)
  A steam dragon (D:11)
  3 nagas (Lair:2)
  A soldier ant (D:9)
  8 water moccasins
  Duvessa (D:7)
  An acid dragon (D:12)
  8 porcupines
  Purgy (D:3)
  9 orc warriors
  3 ice beasts
  A phantom (D:10)
  4 black bears
  An eye of draining (D:11)
  4 sky beasts
  3 centaurs
  5 ogres
  22 wolves
  11 crocodiles
  5 big kobolds
  6 bullfrogs
  A wyvern zombie (D:10)
  3 scorpions
  13 killer bees
  Dowan (D:7)
  5 wights (D:9)
  An electric eel (Lair:4)
  5 crimson imps
  A centaur zombie (D:7)
  4 hounds
  2 quasits (D:11)
  5 bullfrog zombies
  2 orc priests (D:11)
  2 bullfrog skeletons
  A jelly (D:5)
  13 orc wizards
  6 worker ants
  7 iguanas
  A hound skeleton (D:9)
  A hound zombie (D:7)
  Robin (D:4)
  7 gnolls
  12 adders
  2 shadow imps
  An ooze (D:2)
  2 adder zombies (D:6)
  An adder skeleton (D:4)
  2 worms
  7 leopard geckos
  48 orcs
  A ball python (D:2)
  8 bats
  4 giant cockroaches
  14 goblins
  13 hobgoblins
  6 jackals
  5 quokkas
  3 frilled lizards
  21 kobolds
  A quokka zombie (D:8)
  4 rats
  A plant (D:10)
466 creatures vanquished.

Vanquished Creatures (collateral kills)
  2 hydras (Lair:5)
  A cyclops (D:12)
  A centaur skeleton (D:12)
  A bullfrog (Lair:5)
  A jelly (D:12)
6 creatures vanquished.

Vanquished Creatures (others)
  A centaur (D:10)
  A howler monkey (D:4)
  An orc wizard (D:7)
  An adder (D:4)
  An orc (D:4)
  A leopard gecko skeleton (D:4)
  5 fungi
  2 plants
13 creatures vanquished.

Grand Total: 485 creatures vanquished

Notes
Turn   | Place    | Note
-------+----------+-------------------------------------------
     0 | D:1      | Iamsoldier the Minotaur Fighter began the quest for the
                  | Orb.
     0 | D:1      | Reached XP level 1. HP: 19/19 MP: 0/0
   143 | D:1      | Reached XP level 2. HP: 27/27 MP: 1/1
   391 | D:1      | Reached skill level 3 in Polearms
   970 | D:2      | Reached XP level 3. HP: 33/33 MP: 2/2
  1398 | D:2      | Found a blossoming altar of Fedhas.
  1464 | D:3      | Noticed Purgy
  1478 | D:3      | Killed Purgy
  1478 | D:3      | Reached skill level 4 in Polearms
  1478 | D:3      | Reached XP level 4. HP: 41/41 MP: 3/3
  1478 | D:3      | Reached XP level 5. HP: 47/47 MP: 4/4
  1970 | D:3      | Reached skill level 5 in Polearms
  1986 | D:3      | Found a shattered altar of Ashenzari.
  2042 | D:3      | Reached XP level 6. HP: 26/55 MP: 5/5
  2862 | D:4      | Found a staircase to the Ecumenical Temple.
  2873 | D:4      | Reached skill level 5 in Armour
  2923 | Temple   | Entered the Ecumenical Temple
  3092 | Temple   | Became a worshipper of Makhleb the Destroyer
  3227 | D:4      | Reached skill level 5 in Fighting
  3227 | D:4      | Reached skill level 5 in Shields
  3351 | D:4      | Noticed Robin
  3374 | D:4      | Killed Robin
  3443 | D:4      | Noticed Pikel
  3443 | D:4      | Noticed a slave
  3443 | D:4      | Noticed a slave
  3443 | D:4      | Noticed a slave
  3462 | D:4      | Killed Pikel
  3462 | D:4      | Reached skill level 7 in Polearms
  3462 | D:4      | Reached XP level 7. HP: 36/62 MP: 6/6
  4102 | D:4      | Reached * piety under Makhleb
  4113 | D:5      | Entered Level 5 of the Dungeon
  4171 | D:5      | Found a radiant altar of Vehumet.
  4254 | D:5      | Found Itoxamurph's Food Shop.
  4329 | D:5      | Reached XP level 8. HP: 70/70 MP: 7/7
  4791 | D:6      | Noticed a hippogriff
  4800 | D:6      | Killed a hippogriff
  4800 | D:6      | Reached skill level 8 in Polearms
  5092 | D:6      | Found a shattered altar of Ashenzari.
  5094 | D:6      | Noticed a white ugly thing
  5094 | D:6      | Noticed a wizard
  5103 | D:6      | Found a transporter.
  5391 | D:6      | Found a transporter.
  5428 | D:6      | Reached ** piety under Makhleb
  5834 | D:7      | Reached skill level 9 in Polearms
  5987 | D:7      | Reached XP level 9. HP: 73/79 MP: 8/8
  6025 | D:7      | Found an iron altar of Okawaru.
  6027 | D:7      | Found a basalt altar of Yredelemnul.
  6032 | D:7      | Found a stormy altar of Qazlal.
  6882 | D:7      | Noticed Duvessa
  6882 | D:7      | Noticed Dowan
  6886 | D:7      | Killed Dowan
  6899 | D:7      | Killed Duvessa
  6899 | D:7      | Reached skill level 10 in Polearms
  7408 | D:8      | Noticed Grum
  7431 | D:7      | Reached *** piety under Makhleb
  7558 | D:7      | Killed Grum
  7732 | D:8      | Noticed Prince Ribbit
  7776 | D:8      | Killed Prince Ribbit
  7972 | D:8      | Found a sparkling altar of Nemelex Xobeh.
  8229 | D:9      | Reached skill level 11 in Polearms
  8289 | D:9      | Noticed Harold
  8296 | D:9      | Killed Harold
  8296 | D:9      | Reached XP level 10. HP: 69/90 MP: 9/9
  8541 | D:9      | Reached skill level 12 in Polearms
  8830 | D:10     | Entered Level 10 of the Dungeon
  9187 | D:10     | Reached **** piety under Makhleb
  9224 | D:10     | Found a staircase to the Lair.
  9270 | D:10     | Noticed a guardian serpent
  9283 | D:10     | Killed a guardian serpent
  9535 | D:10     | Reached XP level 11. HP: 99/99 MP: 10/10
  9555 | D:10     | Noticed a two-headed ogre
  9568 | D:10     | Killed a two-headed ogre
  9568 | D:10     | Reached skill level 10 in Armour
  9751 | D:11     | Reached skill level 10 in Fighting
  9751 | D:11     | Reached skill level 10 in Shields
  9894 | D:11     | Reached skill level 13 in Polearms
 10281 | D:11     | Noticed Erolcha
 10303 | D:11     | Killed Erolcha
 10615 | D:11     | Noticed Maurice
 10646 | D:11     | Reached ***** piety under Makhleb
 10660 | D:11     | Killed Maurice
 10793 | D:11     | Found a staircase to the Orcish Mines.
 11011 | D:11     | Found Lyadeg's Assorted Antiques.
 11017 | D:11     | Bought a scroll labeled BAPTIZ FEOSA for 36 gold pieces
 11017 | D:11     | Bought a scroll labeled OMABITHRO LOER for 36 gold pieces
 11311 | Lair:1   | Entered Level 1 of the Lair of Beasts
 11433 | Lair:1   | Reached skill level 1 in Invocations
 11455 | Lair:1   | Reached skill level 14 in Polearms
 11991 | Lair:2   | Found a staircase to the Snake Pit.
 12007 | Lair:2   | Reached XP level 12. HP: 95/110 MP: 12/12
 12416 | Lair:2   | Noticed a five-headed hydra
 12432 | Lair:2   | Killed a five-headed hydra
 12718 | Lair:2   | Got a crude jade amulet
 12770 | Lair:2   | Identified the amulet "Kasetiu" {RegenMP rF+ rC- Str-2
                  | Int+9} (You found it on level 2 of the Lair of Beasts)
 13524 | Lair:4   | Noticed a four-headed hydra
 13532 | Lair:4   | Killed a four-headed hydra
 13792 | Lair:4   | Found a staircase to the Swamp.
 14135 | Lair:4   | Reached skill level 5 in Invocations
 14140 | Lair:4   | Noticed a four-headed hydra
 14169 | Lair:4   | HP: 4/112 [four-headed hydra (5)]
 14598 | Lair:4   | Killed a four-headed hydra
 14988 | Lair:5   | Noticed an eight-headed hydra
 14989 | Lair:5   | Reached XP level 13. HP: 119/119 MP: 16/16
 15322 | Lair:5   | Found a staircase to the Slime Pits.
 15323 | Lair:5   | Found a viscous altar of Jiyva.
 16069 | Lair:6   | Entered Level 6 of the Lair of Beasts
 16281 | Lair:6   | Reached ****** piety under Makhleb
 17400 | Lair:6   | Reached skill level 1 in Evocations
 18522 | D:12     | Reached XP level 14. HP: 130/130 MP: 19/19
 18672 | D:12     | Noticed a tengu reaver
 18717 | D:12     | HP: 6/130 [tengu reaver/bolt of acid (39)]
 18717 | D:12     | Splashed by a tengu reaver's acid

Levels and vault maps discovered:
D:1:      doesnt_arrival_eight_statues, layout_loops_corners, serial_glass,
          glass_columns_a, glass_columns_a, serial_bayou_pond_b, moated_statue,
          st_stairs_14
D:2:      layout_rooms, fedhas_altar_4
D:3:      layout_basic, first_ration, serial_glass, glass_columns_c,
          glass_columns_a, evilmike_ruin_ashenzari, uniq_purgy
D:4:      layout_basic, minmay_temple_entry_glassed_door,
          hangedman_abyss_or_decor_stabs, kennysheep_generic_room_9, uniq_pikel,
          uniq_robin
D:5:      layout_rooms, kennysheep_mini, serial_shops, nicolae_shop_crystal
D:6:      layout_basic, gammafunk_temple_overflow_arena
D:7:      layout_loops_corners, gammafunk_temple_overflow_forgotten,
          uniq_duvessa
D:8:      layout_rooms, nemelex_spade_bored_becter, uniq_grum,
          uniq_prince_ribbit1
D:9:      layout_rooms, hangedman_pestilent_swarm, uniq_harold
D:10:     layout_cave_pools, dpeg_oklobed_lair, nrook_guardian_serpent_double
D:11:     layout_basic, david_orc_4, serial_shops, kennysheep_little_box,
          uniq_erolcha, uniq_maurice
D:12:     minmay_glassy_protrusions, layout_irregular_city, uniq_nergalle
Temple:   eino_temple_rhombus
Lair:1:   layout_misc_corridors
Lair:2:   layout_regular_city, guppyfry_snake_entry_island
Lair:3:   layout_misc_corridors, chequers_serial_rivers_micro_c
Lair:4:   layout_gridlike, minmay_swamp_entry_worms, special_room
          [special_room_mythical_zoo]
Lair:5:   layout_regular_city, slime_altar_1, st_stairs_4
Lair:6:   evilmike_catoblepas_cave, layout_regular_city,
          infiniplex_staircase_pool

Skill      XL: |  1  2  3  4  5  6  7  8  9 10 11 12 13 14 |
---------------+-------------------------------------------+-----
Polearms       | 3 4 5 7 9 11 12 14 | 14.0
Armour         | 4 5 6 7 8 9 11 12 13 | 13.9
Fighting       | 4 5 6 7 8 9 11 12 13 | 13.9
Shields        | 4 5 6 7 8 9 11 12 13 | 13.9
Invocations    | 2 5 8 |  8.0
Evocations     | 1 2 |  2.2

Action                   |  1- 3 |  4- 6 |  7- 9 | 10-12 | 13-15 || total
-------------------------+-------+-------+-------+-------+-------++-------
Melee: Trident           |   124 |   149 |   481 |   744 |   438 ||  1936
       Headbutt          |    14 |    23 |    72 |   161 |   134 ||   404
       Unarmed           |       |       |       |    16 |       ||    16
Invok: Major Destruction |       |       |       |       |     1 ||     1
       Greater Servant o |       |       |       |       |     1 ||     1
Evoke: Wand              |       |       |       |     7 |     8 ||    15
  Use: Potion            |     1 |       |     1 |     5 |     5 ||    12
       Scroll            |       |       |     2 |    23 |     3 ||    28
  Eat: Chunk             |     2 |     6 |    16 |    18 |     9 ||    51
       Ration            |       |       |       |     1 |     1 ||     2
Armor: Scale mail        |     6 |       |       |       |       ||     6
       Chain mail        |    44 |    46 |    53 |       |       ||   143
       Plate armour      |       |       |    99 |   193 |   131 ||   423
Dodge: Dodged            |    25 |    23 |    61 |   112 |    55 ||   276
Block: Shield            |    41 |    53 |   256 |   354 |   194 ||   898
       Reflection        |       |       |     4 |    12 |    11 ||    27
